Punishers vs Gangsters
Created - December 18, 2020 at 20:23
Goals
|
| Punishers |
2 |
0 |
4 |
6 |
| Gangsters |
3 |
1 |
1 |
5 |
|
Shots
|
| Punishers |
15 |
11 |
18 |
44 |
| Gangsters |
17 |
10 |
9 |
36 |
|
1st period
1. Gangsters , Richard Panik 21 (Artem Anisimov 29) at 0:26 (PP)
2. Gangsters , Richard Panik 22 (Dave Dziurzynski 21, Artem Anisimov 30) at 2:31
3. Gangsters , Phillip Danault 3 (Derrick Pouliot 6) at 7:34
4. Punishers , Miikka Salomaki 24 (Radek Faksa 27) at 19:10
5. Punishers , Miikka Salomaki 25 (Radek Faksa 28) at 19:22
Penalties :
Adam Pelech (Pro) for Tripping (Minor) at 0:22, Anton Blidh (Pro) for Hooking (Minor) at 11:05
2nd period
6. Gangsters , Connor Chatam 2 (Steven Santini 8, Adam Lowry 1) at 17:37
Penalties :
Austen Brassard (Pro) for Slashing (Minor) at 1:42
3rd period
7. Gangsters , Brett Ponich 3 (Richard Panik 34, Artem Anisimov 31) at 1:05 (PP)
8. Punishers , Daniel Audette 4 (Austen Brassard 5, Brett Kulak 8) at 4:44
9. Punishers , Mattias Tedenby 12 (Madison Bowey 16, Daniel Altshuller) at 5:32
10. Punishers , Miikka Salomaki 26 (Adam Pelech 16) at 11:53
11. Punishers , Elias Lindholm 5 (Mattias Tedenby 18, Madison Bowey 17) at 16:15
Penalties :
Anton Blidh (Pro) for Roughing (Minor) at 0:50, Brett Ponich (Bro) for Tripping (Minor) at 2:03, Phillip Danault (Bro) for Hooking (Minor) at 13:06, Richard Panik (Bro) for Holding (Minor) at 18:57, Tyler Bertuzzi (Pro) for Roughing (Minor) at 19:18
Goalie Stats
Daniel Altshuller (Pro), 31 saves from 36 shots - (0.861), W, 4-4-1, 60:00 minutes
Jordan Binnington (Bro), 38 saves from 44 shots - (0.864), L, 5-6-1, 59:20 minutes
Players Stats for Punishers
Player Name G A P +/- PIM S H SB GA TA FO MP PP MP PK MP
------------------------------------------------------------------------------------
Adam Pelech 0 1 1 4 2 5 2 0 0 0 0/0 25:05 2:29 1:32
Alex Schoenborn 0 0 0 0 0 0 0 0 0 0 0/0 0:00 0:00 0:00
Andreas Athanasiou 0 0 0 0 0 0 0 0 0 0 0/0 0:31 0:00 0:31
Anton Blidh 0 0 0 0 4 1 0 0 1 0 1/1 7:02 0:00 0:00
Austen Brassard 0 1 1 0 2 4 0 0 0 1 0/0 7:00 0:00 0:00
Ben Betker 0 0 0 1 0 2 1 0 0 0 0/0 19:14 1:50 2:41
Brett Kulak 0 1 1 1 0 4 2 0 0 2 0/0 19:14 1:50 2:41
Carter Ashton 0 0 0 0 0 3 2 0 0 0 0/0 12:36 0:00 0:00
Connor Clifton 0 0 0 -1 0 0 0 1 0 0 0/0 5:43 0:00 0:00
Daniel Audette 1 0 1 0 0 1 0 0 0 0 0/0 7:01 0:00 0:00
Elias Lindholm 1 0 1 1 0 2 2 1 0 0 9/20 17:28 2:13 1:19
Fredrik Claesson 0 0 0 -1 0 1 1 1 0 0 0/0 9:53 0:00 0:00
Gabriel Gagne 0 0 0 0 0 0 0 0 0 0 0/0 0:00 0:00 0:00
John Quenneville 0 0 0 0 0 4 1 0 1 0 2/3 12:36 0:00 0:00
Joseph Cramarossa 0 0 0 -1 0 0 0 0 0 0 0/0 7:25 0:00 0:00
Madison Bowey 0 2 2 4 0 0 2 2 1 1 0/0 25:10 2:29 1:36
Mattias Tedenby 1 1 2 1 0 3 0 0 3 0 0/0 18:52 2:13 2:11
Michael Joly 0 0 0 1 0 0 0 0 0 0 1/1 5:11 0:00 0:00
Miikka Salomaki 3 0 3 2 0 10 2 0 3 1 4/9 22:04 2:06 2:07
Nicolas Roy 0 0 0 0 0 0 0 0 0 0 0/0 1:07 0:00 1:07
Nikita Gusev 0 0 0 1 0 1 0 0 1 1 0/0 16:03 2:13 0:00
Niko Mikkola 0 0 0 -1 0 0 0 0 0 0 0/0 5:43 0:00 0:00
Noah Juulsen 0 0 0 -1 0 0 1 1 0 1 0/0 9:57 0:00 0:04
Radek Faksa 0 2 2 2 0 2 1 0 2 0 14/28 20:44 2:06 1:19
Tyler Bertuzzi 0 0 0 2 2 1 1 0 0 1 0/1 19:18 2:05 0:00
Players Stats for Gangsters
Player Name G A P +/- PIM S H SB GA TA FO MP PP MP PK MP
------------------------------------------------------------------------------------
Adam Lowry 0 1 1 1 0 0 0 0 0 0 0/2 6:06 0:00 0:00
Artem Anisimov 0 3 3 0 0 4 0 3 0 1 16/28 24:40 2:09 2:41
Brett Ponich 1 0 1 -5 2 2 1 2 0 1 0/0 25:37 2:27 1:12
Colton White 0 0 0 1 0 1 0 1 0 0 0/0 14:13 0:00 1:02
Connor Chatam 1 0 1 1 0 1 0 1 0 0 0/0 6:06 0:00 0:00
Dave Dziurzynski 0 1 1 0 0 5 2 0 1 1 0/0 22:23 2:09 1:00
David Pope 0 0 0 0 0 0 0 0 0 0 0/0 0:00 0:00 0:00
Derrick Pouliot 0 1 1 1 0 1 0 2 2 1 0/0 19:50 1:50 1:45
Dryden Hunt 0 0 0 1 0 1 0 0 0 0 0/0 3:26 0:00 0:38
Jacob Middleton 0 0 0 0 0 0 0 0 0 0 0/0 0:00 0:00 0:00
Jake Marchment 0 0 0 0 0 0 0 0 0 0 0/0 0:00 0:00 0:00
Joel Kiviranta 0 0 0 0 0 0 0 0 0 0 0/0 0:00 0:00 0:00
Jonas Brodin 0 0 0 -4 0 3 0 2 0 1 0/0 26:22 2:27 2:28
Joshua Jacobs 0 0 0 0 0 0 0 0 0 0 0/0 0:00 0:00 0:00
Kevin Roy 0 0 0 -2 0 2 1 1 0 0 2/7 12:44 0:00 0:48
Phillip Danault 1 0 1 -2 2 2 2 0 0 1 1/2 12:15 0:00 0:00
Richard Panik 2 1 3 0 2 3 2 1 1 0 1/2 23:43 2:09 2:20
Ryan Culkin 0 0 0 0 0 0 0 0 0 0 0/0 0:00 0:00 0:00
Samuel Blais 0 0 0 -2 0 1 1 1 0 4 0/2 18:59 2:08 0:00
Sebastian Collberg 0 0 0 -2 0 1 2 0 0 0 0/1 12:04 0:00 0:00
Seth Griffith 0 0 0 -2 0 4 3 0 4 0 8/15 15:51 2:08 0:11
Stefan Noesen 0 0 0 -2 0 4 3 1 0 0 4/4 16:40 2:08 1:00
Steven Santini 0 1 1 0 0 1 0 0 0 1 0/0 13:43 0:00 0:00
Vince Dunn 0 0 0 1 0 0 2 0 0 1 0/0 19:55 1:50 1:51
Will Borgen 0 0 0 0 0 0 0 0 0 0 0/0 0:20 0:00 0:20
3 Stars
1 - Miikka Salomaki (Pro)
2 - Madison Bowey (Pro)
3 - Richard Panik (Bro)
Power Play
Punishers - 0 on 3 Attempt(s) - 0.00%
Gangsters - 2 on 5 Attempt(s) - 40.00%
Penalty Kill
Punishers - 3 on 5 Attempt(s) - 60.00%
- Score 0 goal in Penalty Kill
Gangsters - 3 on 3 Attempt(s) - 100.00%
- Score 0 goal in Penalty Kill
Team Stat
Punishers - Hits : 18 - Faceoff Wins : 31 - Blocked Shots : 6 - Penalty Minutes : 10
Gangsters - Hits : 19 - Faceoff Wins : 32 - Blocked Shots : 15 - Penalty Minutes : 6
Official
Referees : Unknown
Linesman : Unknown
Game Notes
Joseph Cramarossa is injured at 13:23 of 2nd period (Sprained Left Knee)
Miikka Salomaki has scored a Hat Trick!
Finance
Level 1 -- Attendance: 1466 (73.30%) -- Ticket Income $58,640
Level 2 -- Attendance: 718 (71.80%) -- Ticket Income $14,360
Total Attendance: 2184 (72.80%)
Total Ticket Income: $73,000
Other Income: $3,650
Total Income: $76,650
Punishers
5 vs 5 Forward
Center Left Wing Right Wing Time % Phy DF OF
1 Radek Faksa Tyler Bertuzzi Miikka Salomaki 40 1 2 2
2 Elias Lindholm Nikita Gusev Mattias Tedenby 30 1 2 2
3 John Quenneville Joseph Cramarossa Carter Ashton 20 1 2 2
4 Daniel Audette Anton Blidh Austen Brassard 10 1 2 2
5 vs 5 Defense
Defense Defense Time % Phy DF OF
1 Madison Bowey Adam Pelech 40 1 2 2
2 Brett Kulak Ben Betker 30 1 2 2
3 Fredrik Claesson Noah Juulsen 20 1 2 2
4 Connor Clifton Niko Mikkola 10 1 2 2
PowerPlay Forward
Center Left Wing Right Wing Time % Phy DF OF
1 Radek Faksa Tyler Bertuzzi Miikka Salomaki 60 1 2 2
2 Elias Lindholm Nikita Gusev Mattias Tedenby 40 1 2 2
PowerPlay Defense
Defense Defense Time % Phy DF OF
1 Madison Bowey Adam Pelech 60 1 2 2
2 Brett Kulak Ben Betker 40 1 2 2
Penalty Kill 4 Players Forward
Center Wing Time % Phy DF OF
1 Miikka Salomaki Mattias Tedenby 60 1 2 2
2 Radek Faksa Elias Lindholm 40 1 2 2
Penalty Kill 4 Players Defense
Defense Defense Time % Phy DF OF
1 Madison Bowey Adam Pelech 60 1 2 2
2 Brett Kulak Ben Betker 40 1 2 2
Penalty Kill - 3 Players Forward
Forward Time % Phy DF OF
1 Miikka Salomaki 60 1 2 2
2 Mattias Tedenby 40 1 2 2
Penalty Kill - 3 Players Defense
Defense Defense Time % Phy DF OF
1 Madison Bowey Adam Pelech 60 1 2 2
2 Brett Kulak Ben Betker 40 1 2 2
4 vs 4 Forward
Center Wing Time % Phy DF OF
1 Miikka Salomaki Mattias Tedenby 60 1 2 2
2 Radek Faksa Elias Lindholm 40 1 2 2
4 vs 4 Defense
Defense Defense Time % Phy DF OF
1 Madison Bowey Adam Pelech 60 1 2 2
2 Brett Kulak Ben Betker 40 1 2 2
Last Minutes Offensive
Center Left Wing Right Wing Defense Defense
Radek Faksa Tyler Bertuzzi Miikka Salomaki Madison Bowey Adam Pelech
Last Minutes Defensive
Center Left Wing Right Wing Defense Defense
Radek Faksa Tyler Bertuzzi Miikka Salomaki Madison Bowey Adam Pelech
Goaltenders
Starting : Daniel Altshuller
Backup : Louis Domingue
Extra Forwards
Normal : Michael Joly, Alex Schoenborn, Nicolas Roy - PP : Michael Joly, Alex Schoenborn - PK : Nicolas Roy
Extra Defensemen
Normal : Fredrik Claesson, Noah Juulsen, Connor Clifton - PP : Fredrik Claesson - PK : Noah Juulsen, Connor Clifton
Penalty Shots
Miikka Salomaki, Mattias Tedenby, Radek Faksa, Elias Lindholm, Tyler Bertuzzi
Scratches
Austin Wagner (Healthy)
Gangsters
5 vs 5 Forward
Center Left Wing Right Wing Time % Phy DF OF
1 Artem Anisimov Dave Dziurzynski Richard Panik 40 1 2 2
2 Seth Griffith Samuel Blais Stefan Noesen 30 1 2 2
3 Kevin Roy Phillip Danault Sebastian Collberg 20 1 2 2
4 Adam Lowry Samuel Blais Connor Chatam 10 1 2 2
5 vs 5 Defense
Defense Defense Time % Phy DF OF
1 Brett Ponich Jonas Brodin 40 1 2 2
2 Derrick Pouliot Vince Dunn 30 1 2 2
3 Steven Santini Colton White 20 1 2 2
4 Brett Ponich Jonas Brodin 10 1 2 2
PowerPlay Forward
Center Left Wing Right Wing Time % Phy DF OF
1 Artem Anisimov Dave Dziurzynski Richard Panik 60 1 2 2
2 Seth Griffith Samuel Blais Stefan Noesen 40 1 2 2
PowerPlay Defense
Defense Defense Time % Phy DF OF
1 Brett Ponich Jonas Brodin 60 1 2 2
2 Derrick Pouliot Vince Dunn 40 1 2 2
Penalty Kill 4 Players Forward
Center Wing Time % Phy DF OF
1 Richard Panik Artem Anisimov 60 1 2 2
2 Stefan Noesen Dave Dziurzynski 40 1 2 2
Penalty Kill 4 Players Defense
Defense Defense Time % Phy DF OF
1 Brett Ponich Jonas Brodin 60 1 2 2
2 Derrick Pouliot Vince Dunn 40 1 2 2
Penalty Kill - 3 Players Forward
Forward Time % Phy DF OF
1 Richard Panik 60 1 2 2
2 Artem Anisimov 40 1 2 2
Penalty Kill - 3 Players Defense
Defense Defense Time % Phy DF OF
1 Brett Ponich Jonas Brodin 60 1 2 2
2 Derrick Pouliot Vince Dunn 40 1 2 2
4 vs 4 Forward
Center Wing Time % Phy DF OF
1 Richard Panik Artem Anisimov 60 1 2 2
2 Stefan Noesen Dave Dziurzynski 40 1 2 2
4 vs 4 Defense
Defense Defense Time % Phy DF OF
1 Brett Ponich Jonas Brodin 60 1 2 2
2 Derrick Pouliot Vince Dunn 40 1 2 2
Last Minutes Offensive
Center Left Wing Right Wing Defense Defense
Artem Anisimov Dave Dziurzynski Richard Panik Brett Ponich Jonas Brodin
Last Minutes Defensive
Center Left Wing Right Wing Defense Defense
Artem Anisimov Dave Dziurzynski Richard Panik Brett Ponich Jonas Brodin
Goaltenders
Starting : Jordan Binnington
Backup : Samuel Montembeault
Extra Forwards
Normal : Phillip Danault, Sebastian Collberg, Kevin Roy - PP : Phillip Danault, Sebastian Collberg - PK : Kevin Roy
Extra Defensemen
Normal : Steven Santini, Colton White, Derrick Pouliot - PP : Steven Santini - PK : Colton White, Derrick Pouliot
Penalty Shots
Richard Panik, Artem Anisimov, Stefan Noesen, Dave Dziurzynski, Seth Griffith
Scratches
Mikhail Vorobyev (Healthy), Keegan Kolesar (Healthy)
% Time on Ice - Punishers
Lines # - Real PCT - Wanted PCT - Time Play
Normal Forward
1 - 34% - 40% - 17:04
2 - 27% - 30% - 13:53
3 - 25% - 20% - 12:36
4 - 14% - 10% - 7:01
Normal Defense
1 - 40% - 40% - 20:24
2 - 29% - 30% - 14:34
3 - 20% - 20% - 9:53
4 - 11% - 10% - 5:43
PP Forward
1 - 49% - 60% - 2:06
2 - 51% - 40% - 2:13
PP Defense
1 - 58% - 60% - 2:29
2 - 42% - 40% - 1:50
PK Forward
1 - 69% - 60% - 2:58
2 - 31% - 40% - 1:19
PK Defense
1 - 37% - 60% - 1:36
2 - 63% - 40% - 2:41
PK3 Forward
1 - 0% - 60%
2 - 0% - 40%
PK3 Defense
1 - 0% - 60%
2 - 0% - 40%
44 Forward
1 - 93% - 60% - 0:38
2 - 7% - 40% - 0:03
44 Defense
1 - 100% - 60% - 0:41
2 - 0% - 40% - 0:00
Last Minute Offensive - 0:00
Last Minute Defensive - 0:09
Total
Forward - 60:00
Defense - 60:00
|
% Time on Ice - Gangsters
Lines # - Real PCT - Wanted PCT - Time Play
Normal Forward
1 - 38% - 40% - 19:04
2 - 27% - 30% - 13:32
3 - 23% - 20% - 11:49
4 - 12% - 10% - 6:06
Normal Defense
1 - 38% - 40% - 19:23
2 - 32% - 30% - 16:01
3 - 26% - 20% - 13:11
4 - 4% - 10% - 1:56
PP Forward
1 - 50% - 60% - 2:09
2 - 50% - 40% - 2:08
PP Defense
1 - 57% - 60% - 2:27
2 - 43% - 40% - 1:50
PK Forward
1 - 77% - 60% - 3:19
2 - 23% - 40% - 1:00
PK Defense
1 - 65% - 60% - 2:48
2 - 35% - 40% - 1:31
PK3 Forward
1 - 0% - 60%
2 - 0% - 40%
PK3 Defense
1 - 0% - 60%
2 - 0% - 40%
44 Forward
1 - 100% - 60% - 0:41
2 - 0% - 40% - 0:00
44 Defense
1 - 68% - 60% - 0:28
2 - 32% - 40% - 0:13
Last Minute Offensive - 0:12
Last Minute Defensive - 0:00
Total
Forward - 60:00
Defense - 60:00
|
Play-by-Play
1st period
0:01 of 1st period - Artem Anisimov wins face-off versus Radek Faksa in neutral zone.
0:22 of 1st period - Minor Penalty to Adam Pelech for Tripping.
0:23 of 1st period - Artem Anisimov wins face-off versus Miikka Salomaki in Punishers zone.
0:26 of 1st period - Snap shot by Richard Panik.
0:26 of 1st period - Goal by Richard Panik - Punishers : 0 - Gangsters : 1.
0:27 of 1st period - Elias Lindholm wins face-off versus Sebastian Collberg in neutral zone.
1:25 of 1st period - Fredrik Claesson is hit by Dave Dziurzynski and loses puck.
1:54 of 1st period - Snap shot by Phillip Danault.
1:54 of 1st period - Stopped by Daniel Altshuller without a rebound.
1:55 of 1st period - Elias Lindholm wins face-off versus Kevin Roy in Punishers zone.
2:31 of 1st period - Wrist shot by Richard Panik.
2:31 of 1st period - Goal by Richard Panik - Punishers : 0 - Gangsters : 2.
2:32 of 1st period - Radek Faksa wins face-off versus Seth Griffith in neutral zone.
2:41 of 1st period - Slapshot by Radek Faksa.
2:41 of 1st period - Deflect By Tyler Bertuzzi.
2:41 of 1st period - Stopped by Jordan Binnington without a rebound.
2:42 of 1st period - Seth Griffith wins face-off versus Radek Faksa in Gangsters zone.
2:51 of 1st period - Wrist shot by Seth Griffith.
2:51 of 1st period - Shot Misses the Net.
3:23 of 1st period - Slapshot by Miikka Salomaki.
3:23 of 1st period - Shot Blocked by Samuel Blais.
3:25 of 1st period - Wrist shot by Miikka Salomaki.
3:25 of 1st period - Stopped by Jordan Binnington without a rebound.
3:26 of 1st period - Elias Lindholm wins face-off versus Artem Anisimov in Gangsters zone.
3:35 of 1st period - Slapshot by Adam Pelech.
3:35 of 1st period - Shot Blocked by Artem Anisimov.
3:37 of 1st period - Slapshot by Adam Pelech.
3:37 of 1st period - Shot Blocked by Artem Anisimov.
3:55 of 1st period - Slapshot by Adam Pelech.
3:55 of 1st period - Shot Blocked by Colton White.
4:47 of 1st period - Wrist shot by Miikka Salomaki.
4:47 of 1st period - Stopped by Jordan Binnington with a rebound.
4:49 of 1st period - Snap shot by Ben Betker.
4:49 of 1st period - Stopped by Jordan Binnington without a rebound.
4:50 of 1st period - Radek Faksa wins face-off versus Artem Anisimov in Gangsters zone.
5:11 of 1st period - Tyler Bertuzzi is hit by Brett Ponich and loses puck.
5:30 of 1st period - Snap shot by Nikita Gusev.
5:30 of 1st period - Stopped by Jordan Binnington with a rebound.
5:32 of 1st period - Slapshot by Fredrik Claesson.
5:32 of 1st period - Shot Misses the Net.
5:34 of 1st period - Snap shot by Noah Juulsen.
5:34 of 1st period - Shot Blocked by Brett Ponich.
6:06 of 1st period - Snap shot by Austen Brassard.
6:06 of 1st period - Stopped by Jordan Binnington with a rebound.
6:08 of 1st period - Slapshot by Brett Kulak.
6:08 of 1st period - Deflect By Austen Brassard.
6:08 of 1st period - Shot Misses the Net.
6:08 of 1st period - Puck is out of play.
6:09 of 1st period - Anton Blidh wins face-off versus Adam Lowry in Gangsters zone.
6:38 of 1st period - Snap shot by Kevin Roy.
6:38 of 1st period - Stopped by Daniel Altshuller without a rebound.
6:39 of 1st period - Artem Anisimov wins face-off versus Elias Lindholm in Punishers zone.
6:46 of 1st period - Snap shot by Dave Dziurzynski.
6:46 of 1st period - Stopped by Daniel Altshuller with a rebound.
6:48 of 1st period - Snap shot by Steven Santini.
6:48 of 1st period - Shot Misses the Net.
6:50 of 1st period - Slapshot by Artem Anisimov.
6:50 of 1st period - Shot Misses the Net.
6:52 of 1st period - Slapshot by Colton White.
6:52 of 1st period - Stopped by Daniel Altshuller with a rebound.
7:34 of 1st period - Snap shot by Phillip Danault.
7:34 of 1st period - Goal by Phillip Danault - Punishers : 0 - Gangsters : 3.
7:35 of 1st period - Artem Anisimov wins face-off versus Elias Lindholm in neutral zone.
7:40 of 1st period - Snap shot by Dave Dziurzynski.
7:40 of 1st period - Stopped by Daniel Altshuller with a rebound.
7:42 of 1st period - Snap shot by Brett Ponich.
7:42 of 1st period - Shot Misses the Net.
8:10 of 1st period - Icing by Radek Faksa.
8:11 of 1st period - Artem Anisimov wins face-off versus Radek Faksa in Punishers zone.
8:16 of 1st period - Wrist shot by Dave Dziurzynski.
8:16 of 1st period - Deflect By Tyler Bertuzzi.
8:16 of 1st period - Stopped by Daniel Altshuller with a rebound.
8:36 of 1st period - Snap shot by Miikka Salomaki.
8:36 of 1st period - Shot Misses the Net.
8:38 of 1st period - Slapshot by Fredrik Claesson.
8:38 of 1st period - Stopped by Jordan Binnington with a rebound.
8:54 of 1st period - Dave Dziurzynski is hit by Fredrik Claesson and loses puck.
9:27 of 1st period - Snap shot by Artem Anisimov.
9:27 of 1st period - Deflect By Richard Panik.
9:27 of 1st period - Shot Misses the Net.
9:27 of 1st period - Puck is out of play.
9:28 of 1st period - Seth Griffith wins face-off versus Elias Lindholm in Punishers zone.
10:21 of 1st period - Slapshot by Adam Pelech.
10:21 of 1st period - Deflect By Steven Santini.
10:21 of 1st period - Stopped by Jordan Binnington with a rebound.
10:25 of 1st period - Slapshot by Adam Pelech.
10:25 of 1st period - Shot Misses the Net.
10:27 of 1st period - Slapshot by Adam Pelech.
10:27 of 1st period - Shot Blocked by Connor Chatam.
11:05 of 1st period - Minor Penalty to Anton Blidh for Hooking.
11:06 of 1st period - Miikka Salomaki wins face-off versus Artem Anisimov in Punishers zone.
11:31 of 1st period - Brett Kulak is hit by Seth Griffith and loses puck.
12:47 of 1st period - Derrick Pouliot is hit by Brett Kulak and loses puck.
12:54 of 1st period - Ben Betker is hit by Vince Dunn and loses puck.
13:05 of 1st period - Penalty to Anton Blidh is over, Anton Blidh is back on ice.
13:13 of 1st period - Wrist shot by John Quenneville.
13:13 of 1st period - Stopped by Jordan Binnington with a rebound.
13:38 of 1st period - Snap shot by Dryden Hunt.
13:38 of 1st period - Stopped by Daniel Altshuller without a rebound.
13:39 of 1st period - John Quenneville wins face-off versus Kevin Roy in Punishers zone.
13:52 of 1st period - Slapshot by John Quenneville.
13:52 of 1st period - Stopped by Jordan Binnington with a rebound.
14:26 of 1st period - Wrist shot by Seth Griffith.
14:26 of 1st period - Stopped by Daniel Altshuller with a rebound.
14:32 of 1st period - Snap shot by Stefan Noesen.
14:32 of 1st period - Stopped by Daniel Altshuller with a rebound.
15:22 of 1st period - Wrist shot by Kevin Roy.
15:22 of 1st period - Stopped by Daniel Altshuller without a rebound.
15:23 of 1st period - Radek Faksa wins face-off versus Artem Anisimov in Punishers zone.
15:48 of 1st period - Richard Panik is hit by Carter Ashton and loses puck.
16:11 of 1st period - Artem Anisimov is hit by John Quenneville.
16:15 of 1st period - Richard Panik is hit by Adam Pelech and loses puck.
16:20 of 1st period - Snap shot by Carter Ashton.
16:20 of 1st period - Shot Misses the Net.
16:44 of 1st period - Richard Panik is hit by Noah Juulsen and loses puck.
17:41 of 1st period - Slapshot by Dave Dziurzynski.
17:41 of 1st period - Stopped by Daniel Altshuller with a rebound.
17:43 of 1st period - Snap shot by Vince Dunn.
17:43 of 1st period - Shot Blocked by Noah Juulsen.
17:45 of 1st period - Wrist shot by Dave Dziurzynski.
17:45 of 1st period - Deflect By Fredrik Claesson.
17:45 of 1st period - Shot Misses the Net.
17:45 of 1st period - Puck is out of play.
17:46 of 1st period - Stefan Noesen wins face-off versus Radek Faksa in Punishers zone.
17:49 of 1st period - Wrist shot by Seth Griffith.
17:49 of 1st period - Stopped by Daniel Altshuller with a rebound.
17:59 of 1st period - Wrist shot by Miikka Salomaki.
17:59 of 1st period - Shot Misses the Net.
18:01 of 1st period - Wrist shot by Radek Faksa.
18:01 of 1st period - Stopped by Jordan Binnington without a rebound.
18:02 of 1st period - Elias Lindholm wins face-off versus Phillip Danault in Gangsters zone.
18:05 of 1st period - Snap shot by Elias Lindholm.
18:05 of 1st period - Stopped by Jordan Binnington with a rebound.
18:29 of 1st period - Tyler Bertuzzi is hit by Stefan Noesen and loses puck.
18:38 of 1st period - Slapshot by Stefan Noesen.
18:38 of 1st period - Stopped by Daniel Altshuller without a rebound.
18:39 of 1st period - Kevin Roy wins face-off versus Elias Lindholm in Punishers zone.
18:46 of 1st period - Backhand shot by Phillip Danault.
18:46 of 1st period - Shot Misses the Net.
18:49 of 1st period - Icing by Ben Betker.
18:50 of 1st period - Elias Lindholm wins face-off versus Samuel Blais in Punishers zone.
18:50 of 1st period - Elias Lindholm is hit by Stefan Noesen.
19:00 of 1st period - Snap shot by Nikita Gusev.
19:00 of 1st period - Shot Misses the Net.
19:06 of 1st period - Snap shot by Nikita Gusev.
19:06 of 1st period - Shot Misses the Net.
19:08 of 1st period - Slapshot by Brett Kulak.
19:08 of 1st period - Stopped by Jordan Binnington without a rebound.
19:09 of 1st period - Radek Faksa wins face-off versus Kevin Roy in Gangsters zone.
19:10 of 1st period - Snap shot by Miikka Salomaki.
19:10 of 1st period - Goal by Miikka Salomaki - Punishers : 1 - Gangsters : 3.
19:11 of 1st period - Radek Faksa wins face-off versus Seth Griffith in neutral zone.
19:22 of 1st period - Backhand shot by Miikka Salomaki.
19:22 of 1st period - Goal by Miikka Salomaki - Punishers : 2 - Gangsters : 3.
19:23 of 1st period - Stefan Noesen wins face-off versus Radek Faksa in neutral zone.
19:40 of 1st period - Stefan Noesen is hit by Miikka Salomaki and loses puck.
19:53 of 1st period - Slapshot by Jonas Brodin.
19:53 of 1st period - Stopped by Daniel Altshuller without a rebound.
19:54 of 1st period - Elias Lindholm wins face-off versus Artem Anisimov in Punishers zone.
Goals for this period are 2 for Punishers vs 3 for Gangsters.
Shots for this period are 15 for Punishers vs 17 for Gangsters.
2nd period
0:01 of 2nd period - Radek Faksa wins face-off versus Samuel Blais in neutral zone.
0:04 of 2nd period - Jonas Brodin is hit by Miikka Salomaki and loses puck.
0:11 of 2nd period - Radek Faksa is hit by Seth Griffith and loses puck.
0:30 of 2nd period - Snap shot by Dave Dziurzynski.
0:30 of 2nd period - Shot Blocked by Elias Lindholm.
0:32 of 2nd period - Wrist shot by Artem Anisimov.
0:32 of 2nd period - Stopped by Daniel Altshuller without a rebound.
0:33 of 2nd period - Artem Anisimov wins face-off versus Elias Lindholm in Punishers zone.
0:36 of 2nd period - Snap shot by Richard Panik.
0:36 of 2nd period - Stopped by Daniel Altshuller without a rebound.
0:37 of 2nd period - Artem Anisimov wins face-off versus Elias Lindholm in Punishers zone.
1:03 of 2nd period - Madison Bowey is hit by Stefan Noesen and loses puck.
1:12 of 2nd period - Wrist shot by Seth Griffith.
1:12 of 2nd period - Stopped by Daniel Altshuller with a rebound.
1:14 of 2nd period - Backhand shot by Samuel Blais.
1:14 of 2nd period - Stopped by Daniel Altshuller with a rebound.
1:42 of 2nd period - Minor Penalty to Austen Brassard for Slashing.
1:43 of 2nd period - Miikka Salomaki wins face-off versus Artem Anisimov in Punishers zone.
2:51 of 2nd period - Derrick Pouliot is hit by Madison Bowey and loses puck.
3:26 of 2nd period - Andreas Athanasiou is hit by Richard Panik and loses puck.
3:35 of 2nd period - Wrist shot by Artem Anisimov.
3:35 of 2nd period - Stopped by Daniel Altshuller with a rebound.
3:42 of 2nd period - Penalty to Austen Brassard is over, Austen Brassard is back on ice.
3:49 of 2nd period - Ben Betker is hit by Phillip Danault and loses puck.
3:56 of 2nd period - Wrist shot by Sebastian Collberg.
3:56 of 2nd period - Shot Misses the Net.
3:58 of 2nd period - Wrist shot by Kevin Roy.
3:58 of 2nd period - Shot Misses the Net.
4:47 of 2nd period - Ben Betker is hit by Kevin Roy and loses puck.
5:08 of 2nd period - Connor Chatam is hit by Elias Lindholm and loses puck.
5:46 of 2nd period - Noah Juulsen is hit by Seth Griffith and loses puck.
6:05 of 2nd period - Wrist shot by Radek Faksa.
6:05 of 2nd period - Shot Blocked by Brett Ponich.
6:51 of 2nd period - Slapshot by Adam Pelech.
6:51 of 2nd period - Stopped by Jordan Binnington with a rebound.
6:53 of 2nd period - Slapshot by Madison Bowey.
6:53 of 2nd period - Shot Misses the Net.
7:41 of 2nd period - Austen Brassard is hit by Richard Panik and loses puck.
8:13 of 2nd period - Noah Juulsen is hit by Samuel Blais and loses puck.
8:50 of 2nd period - Mattias Tedenby is hit by Phillip Danault and loses puck.
10:41 of 2nd period - Snap shot by Carter Ashton.
10:41 of 2nd period - Stopped by Jordan Binnington without a rebound.
10:42 of 2nd period - Miikka Salomaki wins face-off versus Seth Griffith in Gangsters zone.
10:53 of 2nd period - Slapshot by Seth Griffith.
10:53 of 2nd period - Shot Misses the Net.
11:35 of 2nd period - Wrist shot by Austen Brassard.
11:35 of 2nd period - Stopped by Jordan Binnington with a rebound.
11:37 of 2nd period - Slapshot by Brett Kulak.
11:37 of 2nd period - Stopped by Jordan Binnington with a rebound.
13:22 of 2nd period - Joseph Cramarossa is hit by Sebastian Collberg and loses puck.
13:23 of 2nd period - Joseph Cramarossa from Punishers is injured at 13:23 of 2nd period (Sprained Left Knee).
13:24 of 2nd period - Radek Faksa wins face-off versus Artem Anisimov in Punishers zone.
13:35 of 2nd period - Snap shot by Miikka Salomaki.
13:35 of 2nd period - Stopped by Jordan Binnington with a rebound.
13:37 of 2nd period - Slapshot by Adam Pelech.
13:37 of 2nd period - Stopped by Jordan Binnington with a rebound.
13:39 of 2nd period - Snap shot by Miikka Salomaki.
13:39 of 2nd period - Stopped by Jordan Binnington with a rebound.
13:56 of 2nd period - Wrist shot by Artem Anisimov.
13:56 of 2nd period - Shot Misses the Net.
14:06 of 2nd period - Wrist shot by Artem Anisimov.
14:06 of 2nd period - Shot Blocked by Madison Bowey.
14:26 of 2nd period - Steven Santini is hit by Adam Pelech and loses puck.
14:51 of 2nd period - Snap shot by John Quenneville.
14:51 of 2nd period - Shot Misses the Net.
15:20 of 2nd period - Snap shot by Artem Anisimov.
15:20 of 2nd period - Stopped by Daniel Altshuller without a rebound.
15:21 of 2nd period - Radek Faksa wins face-off versus Seth Griffith in Punishers zone.
15:30 of 2nd period - Wrist shot by Radek Faksa.
15:30 of 2nd period - Shot Misses the Net.
15:55 of 2nd period - Snap shot by Nikita Gusev.
15:55 of 2nd period - Shot Misses the Net.
16:56 of 2nd period - Snap shot by Austen Brassard.
16:56 of 2nd period - Stopped by Jordan Binnington without a rebound.
16:57 of 2nd period - Radek Faksa wins face-off versus Adam Lowry in Gangsters zone.
16:58 of 2nd period - Snap shot by Miikka Salomaki.
16:58 of 2nd period - Stopped by Jordan Binnington with a rebound.
17:15 of 2nd period - Slapshot by Jonas Brodin.
17:15 of 2nd period - Shot Blocked by Connor Clifton.
17:33 of 2nd period - Snap shot by Connor Chatam.
17:33 of 2nd period - Shot Misses the Net.
17:35 of 2nd period - Snap shot by Steven Santini.
17:35 of 2nd period - Shot Misses the Net.
17:37 of 2nd period - Backhand shot by Connor Chatam.
17:37 of 2nd period - Goal by Connor Chatam - Punishers : 2 - Gangsters : 4.
17:38 of 2nd period - Seth Griffith wins face-off versus Elias Lindholm in neutral zone.
17:45 of 2nd period - Wrist shot by Stefan Noesen.
17:45 of 2nd period - Stopped by Daniel Altshuller without a rebound.
17:46 of 2nd period - Seth Griffith wins face-off versus Elias Lindholm in Punishers zone.
17:51 of 2nd period - Snap shot by Seth Griffith.
17:51 of 2nd period - Shot Misses the Net.
17:53 of 2nd period - Slapshot by Jonas Brodin.
17:53 of 2nd period - Stopped by Daniel Altshuller with a rebound.
17:57 of 2nd period - Snap shot by Seth Griffith.
17:57 of 2nd period - Shot Misses the Net.
17:59 of 2nd period - Slapshot by Jonas Brodin.
17:59 of 2nd period - Stopped by Daniel Altshuller with a rebound.
18:01 of 2nd period - Backhand shot by Jonas Brodin.
18:01 of 2nd period - Shot Misses the Net.
18:43 of 2nd period - Wrist shot by Miikka Salomaki.
18:43 of 2nd period - Shot Misses the Net.
18:45 of 2nd period - Snap shot by Radek Faksa.
18:45 of 2nd period - Stopped by Jordan Binnington without a rebound.
18:46 of 2nd period - Radek Faksa wins face-off versus Seth Griffith in Gangsters zone.
19:33 of 2nd period - Snap shot by Sebastian Collberg.
19:33 of 2nd period - Shot Blocked by Fredrik Claesson.
19:54 of 2nd period - Brett Ponich is hit by Carter Ashton and loses puck.
19:59 of 2nd period - Snap shot by Carter Ashton.
19:59 of 2nd period - Stopped by Jordan Binnington without a rebound.
Goals for this period are 0 for Punishers vs 1 for Gangsters.
Shots for this period are 11 for Punishers vs 10 for Gangsters.
3rd period
0:01 of 3rd period - Artem Anisimov wins face-off versus Radek Faksa in neutral zone.
0:26 of 3rd period - Brett Ponich is hit by Elias Lindholm and loses puck.
0:50 of 3rd period - Minor Penalty to Anton Blidh for Roughing.
0:51 of 3rd period - Artem Anisimov wins face-off versus Miikka Salomaki in Punishers zone.
1:03 of 3rd period - Snap shot by Richard Panik.
1:03 of 3rd period - Shot Misses the Net.
1:05 of 3rd period - Slapshot by Brett Ponich.
1:05 of 3rd period - Deflect By Miikka Salomaki.
1:05 of 3rd period - Goal by Brett Ponich - Punishers : 2 - Gangsters : 5.
1:06 of 3rd period - Artem Anisimov wins face-off versus Radek Faksa in neutral zone.
1:19 of 3rd period - Wrist shot by Dave Dziurzynski.
1:19 of 3rd period - Stopped by Daniel Altshuller with a rebound.
1:21 of 3rd period - Wrist shot by Dave Dziurzynski.
1:21 of 3rd period - Shot Blocked by Madison Bowey.
1:35 of 3rd period - Snap shot by Stefan Noesen.
1:35 of 3rd period - Stopped by Daniel Altshuller with a rebound.
1:40 of 3rd period - Off-side.
1:41 of 3rd period - Radek Faksa wins face-off versus Artem Anisimov in neutral zone.
1:54 of 3rd period - Wrist shot by Artem Anisimov.
1:54 of 3rd period - Stopped by Daniel Altshuller without a rebound.
1:55 of 3rd period - Seth Griffith wins face-off versus Elias Lindholm in Punishers zone.
2:03 of 3rd period - Minor Penalty to Brett Ponich for Tripping.
2:04 of 3rd period - Richard Panik wins face-off versus Radek Faksa in Gangsters zone.
4:03 of 3rd period - Penalty to Brett Ponich is over, Brett Ponich is back on ice.
4:26 of 3rd period - Wrist shot by Sebastian Collberg.
4:26 of 3rd period - Stopped by Daniel Altshuller with a rebound.
4:36 of 3rd period - Snap shot by Austen Brassard.
4:36 of 3rd period - Shot Misses the Net.
4:40 of 3rd period - Slapshot by Daniel Audette.
4:40 of 3rd period - Shot Hit the Post.
4:42 of 3rd period - Snap shot by Austen Brassard.
4:42 of 3rd period - Deflect By Steven Santini.
4:42 of 3rd period - Stopped by Jordan Binnington with a rebound.
4:44 of 3rd period - Snap shot by Daniel Audette.
4:44 of 3rd period - Goal by Daniel Audette - Punishers : 3 - Gangsters : 5.
4:45 of 3rd period - Artem Anisimov wins face-off versus Radek Faksa in neutral zone.
5:15 of 3rd period - Madison Bowey is hit by Vince Dunn and loses puck.
5:32 of 3rd period - Slapshot by Mattias Tedenby.
5:32 of 3rd period - Goal by Mattias Tedenby - Punishers : 4 - Gangsters : 5.
5:33 of 3rd period - Artem Anisimov wins face-off versus Radek Faksa in neutral zone.
6:06 of 3rd period - Snap shot by John Quenneville.
6:06 of 3rd period - Stopped by Jordan Binnington without a rebound.
6:07 of 3rd period - Seth Griffith wins face-off versus John Quenneville in Gangsters zone.
6:18 of 3rd period - Snap shot by Seth Griffith.
6:18 of 3rd period - Stopped by Daniel Altshuller without a rebound.
6:19 of 3rd period - Seth Griffith wins face-off versus Radek Faksa in Punishers zone.
6:41 of 3rd period - Icing by Brett Ponich.
6:42 of 3rd period - Elias Lindholm wins face-off versus Richard Panik in Gangsters zone.
7:09 of 3rd period - Seth Griffith is hit by Tyler Bertuzzi.
7:31 of 3rd period - Slapshot by Brett Kulak.
7:31 of 3rd period - Shot Misses the Net.
9:00 of 3rd period - Snap shot by Anton Blidh.
9:00 of 3rd period - Shot Blocked by Stefan Noesen.
9:02 of 3rd period - Backhand shot by Anton Blidh.
9:02 of 3rd period - Stopped by Jordan Binnington without a rebound.
9:03 of 3rd period - Radek Faksa wins face-off versus Artem Anisimov in Gangsters zone.
9:41 of 3rd period - Snap shot by John Quenneville.
9:41 of 3rd period - Shot Blocked by Derrick Pouliot.
10:24 of 3rd period - Samuel Blais is hit by Ben Betker and loses puck.
11:53 of 3rd period - Slapshot by Miikka Salomaki.
11:53 of 3rd period - Goal by Miikka Salomaki - Punishers : 5 - Gangsters : 5.
11:54 of 3rd period - Miikka Salomaki wins face-off versus Artem Anisimov in neutral zone.
12:17 of 3rd period - Icing by Jonas Brodin.
12:18 of 3rd period - Elias Lindholm wins face-off versus Artem Anisimov in Gangsters zone.
12:19 of 3rd period - Slapshot by Mattias Tedenby.
12:19 of 3rd period - Shot Blocked by Richard Panik.
12:39 of 3rd period - Slapshot by Brett Ponich.
12:39 of 3rd period - Deflect By Dave Dziurzynski.
12:39 of 3rd period - Shot Misses the Net.
12:39 of 3rd period - Puck is out of play.
12:40 of 3rd period - Radek Faksa wins face-off versus Seth Griffith in Punishers zone.
12:47 of 3rd period - Stefan Noesen is hit by Radek Faksa.
13:06 of 3rd period - Minor Penalty to Phillip Danault for Hooking.
13:07 of 3rd period - Artem Anisimov wins face-off versus Radek Faksa in Gangsters zone.
13:18 of 3rd period - Slapshot by Adam Pelech.
13:18 of 3rd period - Shot Blocked by Jonas Brodin.
13:44 of 3rd period - Slapshot by Brett Kulak.
13:44 of 3rd period - Deflect By Dave Dziurzynski.
13:44 of 3rd period - Stopped by Jordan Binnington without a rebound.
13:45 of 3rd period - Stefan Noesen wins face-off versus Elias Lindholm in Gangsters zone.
14:25 of 3rd period - Slapshot by Brett Kulak.
14:25 of 3rd period - Deflect By Nikita Gusev.
14:25 of 3rd period - Shot Misses the Net.
14:25 of 3rd period - Puck is out of play.
14:26 of 3rd period - Artem Anisimov wins face-off versus Miikka Salomaki in Gangsters zone.
15:06 of 3rd period - Penalty to Phillip Danault is over, Phillip Danault is back on ice.
15:23 of 3rd period - Wrist shot by Steven Santini.
15:23 of 3rd period - Deflect By Brett Kulak.
15:23 of 3rd period - Stopped by Daniel Altshuller without a rebound.
15:24 of 3rd period - Michael Joly wins face-off versus Kevin Roy in Punishers zone.
15:24 of 3rd period - Michael Joly is hit by Sebastian Collberg.
15:30 of 3rd period - Slapshot by Carter Ashton.
15:30 of 3rd period - Stopped by Jordan Binnington with a rebound.
15:32 of 3rd period - Snap shot by Fredrik Claesson.
15:32 of 3rd period - Deflect By John Quenneville.
15:32 of 3rd period - Shot Misses the Net.
15:32 of 3rd period - Puck is out of play.
15:33 of 3rd period - John Quenneville wins face-off versus Artem Anisimov in Gangsters zone.
15:40 of 3rd period - Wrist shot by John Quenneville.
15:40 of 3rd period - Stopped by Jordan Binnington without a rebound.
15:41 of 3rd period - Artem Anisimov wins face-off versus Radek Faksa in Gangsters zone.
15:46 of 3rd period - Tyler Bertuzzi is hit by Dave Dziurzynski and loses puck.
16:09 of 3rd period - Slapshot by Elias Lindholm.
16:09 of 3rd period - Shot Misses the Net.
16:11 of 3rd period - Slapshot by Adam Pelech.
16:11 of 3rd period - Shot Hit the Post.
16:13 of 3rd period - Snap shot by Madison Bowey.
16:13 of 3rd period - Deflect By Mattias Tedenby.
16:13 of 3rd period - Stopped by Jordan Binnington with a rebound.
16:15 of 3rd period - Slapshot by Elias Lindholm.
16:15 of 3rd period - Goal by Elias Lindholm - Punishers : 6 - Gangsters : 5.
16:16 of 3rd period - Stefan Noesen wins face-off versus Radek Faksa in neutral zone.
16:24 of 3rd period - Off-side.
16:25 of 3rd period - Radek Faksa wins face-off versus Seth Griffith in neutral zone.
16:28 of 3rd period - Snap shot by Radek Faksa.
16:28 of 3rd period - Shot Blocked by Jonas Brodin.
16:30 of 3rd period - Slapshot by Madison Bowey.
16:30 of 3rd period - Shot Misses the Net.
16:32 of 3rd period - Snap shot by Miikka Salomaki.
16:32 of 3rd period - Stopped by Jordan Binnington with a rebound.
16:34 of 3rd period - Slapshot by Adam Pelech.
16:34 of 3rd period - Stopped by Jordan Binnington with a rebound.
16:36 of 3rd period - Slapshot by Adam Pelech.
16:36 of 3rd period - Stopped by Jordan Binnington with a rebound.
16:38 of 3rd period - Snap shot by Miikka Salomaki.
16:38 of 3rd period - Stopped by Jordan Binnington without a rebound.
16:39 of 3rd period - Artem Anisimov wins face-off versus Miikka Salomaki in Gangsters zone.
16:39 of 3rd period - Artem Anisimov is hit by Madison Bowey.
16:47 of 3rd period - Wrist shot by Richard Panik.
16:47 of 3rd period - Shot Misses the Net.
16:49 of 3rd period - Slapshot by Brett Ponich.
16:49 of 3rd period - Stopped by Daniel Altshuller with a rebound.
16:51 of 3rd period - Wrist shot by Dave Dziurzynski.
16:51 of 3rd period - Shot Misses the Net.
17:07 of 3rd period - Icing by Jonas Brodin.
17:08 of 3rd period - Seth Griffith wins face-off versus Elias Lindholm in Gangsters zone.
17:35 of 3rd period - Vince Dunn is hit by Brett Kulak.
18:01 of 3rd period - Backhand shot by Derrick Pouliot.
18:01 of 3rd period - Stopped by Daniel Altshuller with a rebound.
18:57 of 3rd period - Minor Penalty to Richard Panik for Holding.
18:58 of 3rd period - Elias Lindholm wins face-off versus Kevin Roy in Gangsters zone.
19:00 of 3rd period - Wrist shot by Mattias Tedenby.
19:00 of 3rd period - Shot Blocked by Artem Anisimov.
19:02 of 3rd period - Wrist shot by Elias Lindholm.
19:02 of 3rd period - Shot Blocked by Derrick Pouliot.
19:04 of 3rd period - Slapshot by Brett Kulak.
19:04 of 3rd period - Shot Misses the Net.
19:06 of 3rd period - Backhand shot by Ben Betker.
19:06 of 3rd period - Stopped by Jordan Binnington with a rebound.
19:08 of 3rd period - Snap shot by Mattias Tedenby.
19:08 of 3rd period - Shot Blocked by Kevin Roy.
19:10 of 3rd period - Slapshot by Brett Kulak.
19:10 of 3rd period - Stopped by Jordan Binnington with a rebound.
19:12 of 3rd period - Wrist shot by Mattias Tedenby.
19:12 of 3rd period - Stopped by Jordan Binnington without a rebound.
19:13 of 3rd period - Jack Capuano call a timeout for Gangsters.
19:13 of 3rd period - Kevin Roy wins face-off versus Tyler Bertuzzi in Gangsters zone.
19:18 of 3rd period - Minor Penalty to Tyler Bertuzzi for Roughing.
19:19 of 3rd period - Phillip Danault wins face-off versus Miikka Salomaki in Punishers zone.
19:20 of 3rd period - Gangsters, Jordan Binnington is pulled from the net.
Goals for this period are 4 for Punishers vs 1 for Gangsters.
Shots for this period are 18 for Punishers vs 9 for Gangsters.